Map: Ruins of Seras

Players

HuK

  • Race: Protoss Protoss
  • League: Grandmaster

AcerBly (Bly) - Winner!

  • Race: Zerg Zerg

Event: DreamHack ROCCAT LotV Championship

VOD

Have the link to the VOD?

Description

Time

  • Played on: Nov. 26, 2015, 9:25 a.m.
  • Length: 21:25

All games in this series

Show
View Real Time Build Order
Export as new Build Order

HuK Protoss 

Build Orders: 1 Gate Expand 

Get SALT Encoding   

  12  0:01  Probe (Chrono Boost)  
  13  0:11  Probe (Chrono Boost)  
  14  0:18  Pylon  
  14  0:22  Probe (Chrono Boost)  
  15  0:36  Probe (Chrono Boost)  
  15  0:38  Gateway  
  16  0:43  Assimilator  
  16  0:47  Probe (Chrono Boost)  
  17  0:57  Probe (Chrono Boost)  
  18  1:08  Probe (Chrono Boost)  
  20  1:18  Probe (Chrono Boost)  
  20  1:25  Nexus  
  20  1:34  Cybernetics Core  
  20  1:37  Probe (Chrono Boost)  
  21  1:43  Assimilator  
  21  1:48  Probe (Chrono Boost)  
  22  1:55  Pylon  
  22  1:58  Probe (Chrono Boost)  
  23  2:11  Warp Gate (Chrono Boost)  
  23  2:13  Stalker (Chrono Boost)  
  23  2:14  Probe  
  26  2:26  Probe  
  26  2:28  Robotics Facility  
  27  2:40  Mothership Core (Chrono Boost)  
  27  2:43  Probe (Chrono Boost)  
  30  2:53  Gateway  
  30  2:54  Probe (Chrono Boost)  
  31  2:59  Probe (Chrono Boost)  
  32  3:06  Probe (Chrono Boost)  
  32  3:08  Adept  
  32  3:09  Probe (Chrono Boost)  
  32  3:12  Pylon  
  36  3:18  Pylon  
  36  3:22  Probe (Chrono Boost)  
  36  3:25  Probe  
  38  3:30  Warp Prism  
  40  3:35  Sentry, Probe (Chrono Boost)  
  43  3:43  Probe (Chrono Boost)  
  43  3:48  Gateway  
  44  3:50  Gateway  
  44  3:53  Probe (Chrono Boost)  
  44  3:54  Probe (Chrono Boost)  
  46  4:01  Pylon  
  46  4:03  Probe (Chrono Boost)  
  46  4:07  Observer  
  46  4:08  Probe (Chrono Boost)  
  49  4:11  Pylon  
  49  4:13  Assimilator  
  49  4:14  Sentry, Probe (Chrono Boost)  
  49  4:15  Sentry  
  54  4:25  Probe x2 (Chrono Boost)  
  54  4:26  Assimilator  
  56  4:35  Probe x2 (Chrono Boost), Robotics Bay  
  58  4:46  Probe (Chrono Boost)  
  58  4:47  Probe (Chrono Boost)  
  58  4:51  Pylon  
  60  4:54  Pylon  
  60  4:56  Probe (Chrono Boost)  
  61  5:03  Nexus  
  61  5:09  Adept x2  
  61  5:10  Adept  
  67  5:30  Disruptor (Chrono Boost)  
  67  5:35  Gravitic Drive  
  66  5:36  Pylon  
  66  5:37  Stalker x2  
  66  5:38  Stalker, Adept  
  72  5:44  Probe  
  72  5:45  Probe  
  74  5:52  Pylon x2  
  75  5:57  Probe  
  75  6:00  Forge  
  75  6:03  Sentry  
  77  6:06  Disruptor (Chrono Boost)  
  80  6:15  Adept  
  80  6:16  Probe, Adept x2  
  80  6:17  Probe x2  
  89  6:29  Probe  
  90  6:35  Disruptor (Chrono Boost)  
  90  6:38  Adept x4  
  101  6:43  Protoss Ground Weapons Level 1 (Chrono Boost)  
  101  6:47  Probe  
  101  6:49  Probe x2  
  101  6:52  Photon Cannon x2  
  104  6:58  Probe  
  104  7:01  Probe, Twilight Council  
  106  7:02  Stalker x2  
  110  7:10  Stalker  
  110  7:15  Observer  
  116  7:20  Probe  
  116  7:21  Assimilator  
  116  7:22  Assimilator  
  114  7:25  Adept, Pylon  
  114  7:26  Probe, Adept x2  
  114  7:27  Probe  
  114  7:28  Blink (Chrono Boost)  
  122  7:31  Disruptor  
  117  7:38  Stalker  
  117  7:42  Gateway x2  
  119  7:53  Probe x2  
  121  7:59  Pylon  
  121  8:00  Stalker  
  121  8:01  Stalker x3  
  121  8:03  Probe  
  130  8:05  Probe, Pylon  
  133  8:12  Immortal  
  133  8:18  Pylon  
  135  8:26  Pylon  
  135  8:28  Pylon  
  135  8:33  Pylon  
  135  8:43  Stalker x2  
  129  9:03  Stalker x2  
  129  9:20  Stalker x4  
  129  9:22  Mothership Core  
  139  9:27  Nexus  
  139  9:29  Assimilator  
  139  9:33  Assimilator  
  135  9:38  Pylon  
  135  9:39  Stalker  
  135  9:41  Resonating Glaives, Pylon  
  135  9:43  Pylon  
  131  9:45  Stalker  
  131  9:46  Stalker x3  
  131  9:51  Photon Cannon x2  
  131  9:53  Photon Cannon  
  131  9:56  Protoss Ground Weapons Level 2 (Chrono Boost)  
  131  10:00  Photon Cannon  
  131  10:01  Photon Cannon  
  131  10:04  Photon Cannon  
  131  10:11  Warp Prism  
  131  10:18  Stalker x5  
  138  10:45  Stargate  
  138  10:48  Stargate  
  136  10:51  Adept x5  
  146  11:05  Probe  
  146  11:06  Probe  
  146  11:08  Pylon  
  148  11:14  Stalker x4  
  148  11:15  Stalker  
  158  11:20  Pylon  
  158  11:29  Photon Cannon  
  158  11:34  Charge  
  158  11:39  Stalker x5  
  166  11:41  Phoenix x2  
  166  11:46  Templar Archives  
  166  12:09  Phoenix x2  
  166  12:11  Protoss Ground Weapons Level 3 (Chrono Boost)  
  166  12:14  Adept x3  
  165  12:34  Phoenix x2  
  164  12:43  Disruptor  
  144  12:59  Phoenix x2  
  144  13:04  Probe  
  149  13:06  Pylon, Photon Cannon  
  149  13:14  Disruptor  
  152  13:20  Sentry  
  152  13:23  Phoenix  
  152  13:24  Phoenix  
  152  13:25  Pylon  
  158  13:34  High Templar x2  
  158  13:35  High Templar x2  
  149  13:48  Phoenix  
  149  13:49  Phoenix  
  149  13:52  Stalker  
  143  14:02  Disruptor  
  143  14:08  Archon  
  143  14:09  Archon  
  146  14:10  Zealot x4  
  146  14:13  Probe x2, Phoenix x2  
  160  14:21  Stalker x2  
  164  14:30  Pylon  
  164  14:32  Gateway  
  164  14:36  Immortal  
  164  14:41  Protoss Shields Level 1 (Chrono Boost), Pylon  
  168  14:47  Stalker x2  
  168  14:48  Stalker x3  
  176  15:02  Phoenix  
  177  15:09  Phoenix  
  160  15:29  Probe  
  145  15:50  High Templar x4  
  145  15:53  Probe x2  
  145  15:54  Archon x2  
  155  16:05  Probe  
  155  16:10  Assimilator  
  156  16:22  High Templar x2  
  156  16:23  High Templar x2  
  164  16:25  Pylon  
  164  16:28  Pylon  
  154  16:41  Observer  
  152  16:53  Stalker x2  
  155  17:00  Archon  
  155  17:01  Archon  
  149  17:20  Pylon  
  142  17:41  Photon Cannon  
  142  17:42  Photon Cannon  
  138  18:06  Probe  
  138  18:08  Probe x3  
  142  18:15  Archon x2  
  142  18:16  Archon  
  138  18:20  Probe x3  
  138  18:24  Immortal  
  99  18:41  High Templar x3  
  80  18:43  High Templar  
  66  18:56  Archon x2  
  66  18:57  High Templar x2  
  66  19:01  Immortal  
  70  19:03  Archon  
  72  19:34  High Templar x2  
  72  19:35  Zealot x4  
  57  20:03  Archon  
  55  20:08  Probe  
  55  20:12  Probe  
  57  20:15  Stalker x2  
  57  20:16  Stalker  
  57  20:19  Probe  
  64  20:23  Probe  
  65  20:33  Probe  
  66  20:37  High Templar x2  
  70  20:49  Archon  
  70  20:53  Zealot x2  
  67  20:59  Stalker  
  38  21:23  Stalker  
Show
View Real Time Build Order
Export as new Build Order

AcerBly Zerg - Winner!

Build Orders: Hatch First, Lurkers 

Get SALT Encoding   

  12  0:01  Drone  
  13  0:12  Overlord  
  13  0:18  Drone  
  14  0:31  Drone x2  
  16  0:41  Drone  
  17  0:53  Hatchery  
  16  0:58  Drone  
  16  1:02  Drone  
  18  1:13  Spawning Pool  
  18  1:17  Drone  
  18  1:23  Drone  
  19  1:32  Drone  
  20  1:43  Overlord  
  20  1:51  Hatchery  
  19  2:00  Zergling x2  
  20  2:03  Zergling x2  
  20  2:04  Queen  
  20  2:07  Zergling x2  
  24  2:15  Drone  
  25  2:20  Zergling x2  
  26  2:23  Queen  
  28  2:35  Drone x3  
  31  2:40  Overlord  
  31  2:45  Queen  
  33  2:56  Drone x3  
  36  3:01  Queen  
  36  3:04  Extractor x2  
  35  3:06  Drone  
  35  3:10  Drone  
  36  3:15  Drone x2  
  36  3:16  Drone  
  38  3:21  Overlord  
  38  3:23  Drone  
  39  3:32  Drone x2  
  39  3:33  Drone x3  
  43  3:35  Drone  
  43  3:39  Drone x2  
  46  3:44  Drone x2  
  46  3:45  Drone  
  49  3:52  Drone x3  
  52  3:57  Drone  
  52  4:00  Drone x3  
  56  4:05  Drone x2  
  56  4:08  Overlord x2  
  58  4:13  Lair  
  58  4:18  Extractor  
  58  4:19  Roach Warren  
  56  4:25  Overlord x2  
  56  4:28  Zergling x8  
  60  4:32  Zergling x4  
  60  4:33  Zergling x2  
  63  4:41  Overlord  
  63  4:46  Drone x3  
  63  4:49  Drone x5  
  63  4:50  Drone  
  63  4:52  Overlord  
  72  4:56  Overlord, Extractor  
  71  5:04  Roach x3  
  77  5:10  Roach  
  77  5:14  Roach  
  81  5:17  Roach x2  
  84  5:26  Overlord  
  84  5:28  Overlord  
  81  5:31  Drone x4  
  81  5:32  Drone x2  
  81  5:34  Overlord  
  84  5:36  Hydralisk Den  
  83  5:43  Drone x4  
  83  5:46  Overlord  
  87  5:50  Drone  
  87  5:54  Spire  
  87  5:57  Ravager  
  87  5:58  Ravager  
  87  5:59  Drone x3  
  87  6:03  Extractor  
  91  6:07  Overseer  
  91  6:14  Drone x3  
  91  6:15  Hatchery, Extractor  
  91  6:16  Lurker Den  
  91  6:17  Hydralisk x2  
  96  6:20  Drone x3  
  96  6:21  Drone  
  100  6:28  Overlord  
  99  6:35  Hydralisk x4  
  105  6:41  Overlord  
  105  6:55  Hydralisk  
  105  6:56  Hatchery, Hydralisk x4  
  105  6:57  Overlord  
  105  6:59  Drone x2  
  116  7:07  Metabolic Boost  
  116  7:09  Overseer  
  116  7:15  Overlord  
  116  7:25  Zergling x24  
  116  7:27  Overlord  
  127  7:43  Overseer  
  127  7:44  Lurker x2  
  127  7:45  Lurker x4  
  127  7:46  Zergling x2  
  127  7:47  Zergling x24  
  146  7:53  Overlord  
  146  8:00  Extractor  
  146  8:02  Drone x2  
  146  8:03  Drone x5, Extractor  
  151  8:08  Evolution Chamber  
  151  8:10  Infestation Pit  
  148  8:23  Mutalisk  
  148  8:24  Mutalisk x4  
  144  9:01  Mutalisk x6  
  144  9:02  Zergling x8  
  145  9:03  Zergling x12  
  141  9:15  Mutalisk x3  
  141  9:16  Zergling x2  
  127  9:32  Mutalisk  
  127  9:33  Mutalisk x2  
  114  9:49  Mutalisk x4  
  114  9:52  Zergling x24  
  122  9:53  Zergling x4  
  122  9:57  Roach x2  
  122  9:58  Roach x2  
  122  9:59  Hatchery  
  131  10:09  Zerg Melee Weapons Level 1  
  131  10:10  Hydralisk x5  
  131  10:13  Hydralisk  
  143  10:17  Extractor  
  143  10:18  Extractor  
  139  10:44  Mutalisk x7  
  150  10:58  Drone x2  
  150  11:01  Mutalisk x3  
  156  11:06  Zerg Flyer Weapons Level 1  
  156  11:08  Zergling x24  
  156  11:10  Lurker x2  
  170  11:24  Mutalisk x3  
  172  11:32  Mutalisk x3  
  163  11:36  Zergling x8  
  163  11:37  Zergling x14  
  180  11:44  Infestation Pit  
  180  11:45  Drone  
  180  11:46  Spore Crawler  
  175  11:58  Hive  
  175  12:07  Lurker x4  
  175  12:11  Zergling x10  
  175  12:13  Overlord  
  173  12:33  Mutalisk x8  
  182  12:40  Spine Crawler  
  182  12:41  Spine Crawler  
  182  12:42  Spore Crawler, Spine Crawler  
  174  12:45  Zergling x8  
  174  12:46  Zergling x12  
  174  12:47  Overlord  
  172  12:59  Hydralisk  
  172  13:00  Hydralisk x3  
  172  13:01  Overlord x3  
  180  13:08  Zerg Melee Weapons Level 2  
  180  13:10  Evolution Chamber  
  180  13:11  Viper  
  180  13:12  Spore Crawler  
  181  13:13  Viper  
  181  13:14  Spine Crawler  
  181  13:16  Drone  
  184  13:26  Overseer x3  
  183  13:32  Adrenal Glands  
  183  13:33  Zerg Flyer Weapons Level 2  
  167  13:48  Mutalisk x4  
  167  13:49  Mutalisk  
  161  13:58  Mutalisk x2  
  161  13:59  Mutalisk  
  161  14:01  Zergling x4  
  167  14:05  Drone x3  
  167  14:07  Drone  
  171  14:17  Lurker x4  
  170  14:37  Zerg Ground Armor Level 1  
  166  14:38  Ultralisk Cavern  
  166  14:42  Drone x3  
  166  14:43  Drone x5  
  173  15:07  Infestor x3  
  173  15:12  Hatchery  
  163  15:47  Ultralisk x6  
  163  15:49  Viper  
  198  16:10  Hatchery  
  195  16:23  Ultralisk  
  164  16:47  Hatchery  
  161  16:49  Ultralisk x3  
  161  16:52  Mutalisk x2  
  183  17:10  Hydralisk  
  183  17:11  Hydralisk x3  
  181  17:32  Drone x3  
  179  17:37  Viper x2  
  179  17:38  Viper x2  
  191  17:47  Lurker  
  191  17:48  Lurker x3  
  195  18:04  Hydralisk x4  
  117  18:44  Drone x12  
  117  18:45  Drone x2  
  124  19:09  Ultralisk x2, Extractor  
  135  19:13  Spore Crawler  
  135  19:14  Extractor  
  133  19:21  Drone x3  
  136  19:35  Greater Spire  
  136  19:36  Drone x8  
  134  20:03  Zergling x30  
  134  20:04  Zergling x6  
  150  20:28  Hatchery, Hydralisk  
  151  20:43  Zergling x16  
  151  20:45  Hatchery  

Tags
 
Add a new tag
Caveats
  • Supply blocks, unpowered buildings, or Contaminate may cause inaccurate times.
  • Supply counts are checked every 10 seconds.